 Dungeon Crawl Stone Soup version 0.28.0-47-ge53b351184 (webtiles) character file.

Game seed: 7386853979397130055

12 Descartes the Grasshopper (level 2, -1/22 HPs)
             Began as a Formicid Warper on May 9, 2022.
             Slain by a kobold
             ... wielding a +2 dagger of distortion
              (4 damage)
             ... on level 1 of the Dungeon.
             The game lasted 00:00:49 (353 turns).

Descartes the Grasshopper (Formicid Warper)          Turns: 353, Time: 00:00:50

Health: -1/22      AC:  3    Str: 15    XL:     2   Next: 45%
Magic:  5/5        EV: 11    Int: 12    God:
Gold:   3          SH:  0    Dex: 10    Spells: 5/5 levels left

rFire   . . .      SeeInvis +   a - +0 mace
rCold   . . .      Faith    .   (no shield)
rNeg    . . .      Spirit   .   b - +0 leather armour
rPois   .          Reflect  .   (helmet unavailable)
rElec   .          Harm     .   (no cloak)
rCorr   .          Rampage  .   (no gloves)
Will    .....                   (no boots)
Stlth   +.........              (no amulet)
HPRegen 0.07/turn               (no ring)
MPRegen 0.09/turn               (no ring)

@: no status effects
A: permanent stasis, dig shafts and tunnels, antennae 3, four strong arms
a: Dig, Shaft Self


You were on level 1 of the Dungeon.
You visited 1 branch of the dungeon, and saw 1 of its levels.

You collected 3 gold pieces.

Inventory:

Hand Weapons
 a - a +0 mace (weapon)
Missiles
 c - 5 boomerangs of dispersal (quivered)
Armour
 b - a +0 leather armour (worn)
Scrolls
 d - a scroll of magic mapping {unknown}
 e - a scroll of identify {unknown}
Potions
 f - a potion of heal wounds {unknown}


   Skills:
 - Level 2.1 Fighting
 + Level 2.2 Maces & Flails
 - Level 1.0 Throwing
 + Level 1.5 Armour
 - Level 1.7 Dodging
 + Level 1.0 Shields
 - Level 2.1 Spellcasting
 + Level 2.9 Translocations


You had 5 spell levels left.
You didn't know any spells.
Your spell library contained the following spells:

 Spells                   Type           Power      Damage    Failure   Level
 Gell's Gravitas          Tloc           8%         N/A       30%         3
 Lesser Beckoning         Tloc           8%         N/A       30%         3
 Teleport Other           Tloc           8%         N/A       30%         3
 Frozen Ramparts          Ice            2%         1d2       69%         3
 Manifold Assault         Tloc           8%         N/A       95%         5
 Ice Form                 Ice/Tmut       1%         N/A       97%         4
 Summon Ice Beast         Ice/Summ       1%         N/A       97%         4
 Blink                    Tloc           Unusable   N/A       N/A         2

Dungeon Overview and Level Annotations

Branches:
Dungeon (1/15)

Altars:


Innate Abilities, Weirdness & Mutations

You cannot be hasted, slowed, berserked, paralysed or teleported.
You can dig through walls and to a lower floor.
You have a pair of large antennae on your head. (SInv)
Your four strong arms can wield two-handed weapons with a shield.


Message History

You hear a shout!
The jackal closely misses you.
A kobold comes into view.
It is wielding a +2 dagger of distortion.
You hit the jackal.
You kill the jackal!
The jackal bites you.
You hit the jackal.
The jackal is almost dead.
The jackal closely misses you. The jackal misses you.
You closely miss the jackal.
The jackal is almost dead.
The jackal barely misses you.
The jackal bites you but does no damage.
The jackal barely misses you.
The jackal bites you but does no damage.
You barely miss the jackal. Your punch misses the jackal.
The jackal is almost dead.
The jackal bites you but does no damage.
The jackal bites you.
The kobold hits you with a +0 short sword.
The jackal closely misses you. x2
You hit the jackal.
You kill the jackal!
The jackal barely misses you.
The kobold hits you with a +0 short sword.
The jackal barely misses you.
Your Shields skill increases to level 1!
You barely miss the jackal. The kobold closely misses you.
The jackal closely misses you. The kobold closely misses you.
You hit the jackal.
The jackal is severely wounded.
The jackal closely misses you.
The kobold hits you with a +2 dagger of distortion.
Space warps around you!
* * * LOW HITPOINT WARNING * * *
The jackal barely misses you. The kobold hits you but does no damage.
The kobold hits you with a +2 dagger of distortion.
* * * LOW HITPOINT WARNING * * *
Space warps around you.
You die...

..###......#
P##........# .###.#
##.........# .#...#.
...........# .#.....
...........# .....$.
#.....###### .......
#.....###### .......
#......†...######h......
########........@K......
#.............K......
#.###......?..#######
###########


You could see a jackal and 2 kobolds.

Vanquished Creatures
  A ball python (D:1)
  2 endoplasms (D:1)
  A giant cockroach (D:1)
  A hobgoblin (D:1)
  2 jackals (D:1)
  3 bats (D:1)
10 creatures vanquished.

Vanquished Creatures (others)
  A plant (D:1)
1 creature vanquished.

Grand Total: 11 creatures vanquished

Notes
Turn   | Place    | Note
-------+----------+-------------------------------------------
     0 | D:1      | Descartes the Formicid Warper began the quest for the Orb.
     0 | D:1      | Reached XP level 1. HP: 16/16 MP: 3/3
   295 | D:1      | Found a faded altar of an unknown god.
   302 | D:1      | Reached XP level 2. HP: 22/22 MP: 5/5
   352 | D:1      | Reached skill level 1 in Shields
   353 | D:1      | Slain by a kobold

Illustrated notes

Levels and vault maps discovered:
D:1:      lemuel_arrival_lava_pool, layout_basic,
          dreamdust_ecumenical_altar_hidden_monk_grotto, serial_park_tiny_1

Skill      XL: |  1  2 |
---------------+-------+-----
Shields        | 1 |  1.0
Fighting       | |  2.1
Maces & Flails | |  2.2
Throwing       | |  1.0
Armour         | |  1.5
Dodging        | |  1.7
Spellcasting   | |  2.1
Translocations | |  2.9

Action                   || total
-------------------------++-------
Melee: Mace              ||    30
Armor: Leather armour    ||     9
Dodge: Dodged            ||    29
